 Dungeon Sprint DCSS version 0.20.1-1-g8b1a95d (webtiles) character file.

2422 wojtek the Bludgeoner (level 9, -7/90 HPs)
             Began as a Minotaur Fighter on Dec 27, 2017.
             Was a High Priest of Trog.
             Mangled by a spiny frog (10 damage)
             ... in the Dungeon (Sprint IX: "|||||||||||||||||||||||||||||").
             The game lasted 00:03:20 (549 turns).

wojtek the Bludgeoner (Minotaur Fighter)             Turns: 549, Time: 00:03:22

Health: -7/90      AC: 14    Str: 28    XL:     9   Next: 24%
Magic:  8/8        EV: 10    Int:  8    God:    Trog [*****.]
Gold:   0          SH: 13    Dex: 10    Spells: 8/8 levels left

rFire    . . .     SeeInvis .   a - +2 morningstar of Magudel {flame, MR+ Str+4}
rCold    . . .     Gourm    .   c - +0 shield
rNeg     . . .     Faith    .   r - +1 chain mail
rPois    .         Spirit   .   (helmet restricted)
rElec    .         Reflect  .   (no cloak)
rCorr    .         Harm     .   q - +0 pair of gloves
MR       +....     NoTele   +   (no boots)
Stlth    ..........             (no amulet)
Regen    0.3/turn               l - +2 ring of evasion
MPRegen  0.2/turn               p - +3 ring of intelligence

@: lethally poisoned (-7 -> -19), berserk cooldown, slowed, very slow
A: retaliatory headbutt, horns 2
a: Berserk, Trog's Hand, Brothers in Arms, Burn Spellbooks, Renounce Religion


You were in the Dungeon.
You worshipped Trog.
Trog was extremely pleased with you.
You were not hungry.

You visited 1 branch

Inventory:

Hand Weapons
 a - the +2 morningstar of Magudel (weapon) {flame, MR+ Str+4}
   (You found it in the Dungeon)

   It has been specially enchanted to burn those struck by it, causing extra
   injury to most foes and up to half again as much damage against particularly
   susceptible opponents.
   It affects your strength (+4).
   It affects your resistance to hostile enchantments.
 b - a +0 flail
Armour
 c - a +0 shield (worn)
 q - a +0 pair of gloves (worn)
 r - a +1 chain mail (worn)
Jewellery
 l - a +2 ring of evasion (left hand)
 p - a +3 ring of intelligence (right hand)
 u - the amulet of Dewig {Faith rElec MR- Int+8}
   (You found it in the Dungeon)

   [amulet of faith]

   It allows you to gain divine favour quickly.
   It affects your intelligence (+8).
   It insulates you from electricity.
   It affects your resistance to hostile enchantments.
Wands
 o - a wand of iceblast (7/15)
Scrolls
 k - 3 scrolls of blinking
 n - 4 scrolls of remove curse
 t - a scroll of recharging
 w - a scroll of fog
 x - 2 scrolls of fear
Potions
 d - 3 potions of might
 e - 6 potions of curing
 g - 7 potions of heal wounds
 h - a potion of haste
 i - 4 potions of magic
 j - a potion of berserk rage
 m - a potion of invisibility
Comestibles
 f - a bread ration
 s - 7 chunks of flesh
 v - a royal jelly


   Skills:
 + Level 11.8 Fighting
 * Level 15.4 Maces & Flails
 + Level 11.7 Armour
 + Level 11.7 Shields


You had 8 spell levels left.
You didn't know any spells.

Dungeon Overview and Level Annotations

Branches:
Dungeon (1/1)

Altars:
Cheibriados
Dithmenos
Elyvilon
Fedhas
Gozag
Hepliaklqana
Kikubaaqudgha
Makhleb
Nemelex Xobeh
Okawaru
Qazlal
Ru
Sif Muna
Trog
Uskayaw
Vehumet
Xom
Yredelemnul
Zin
The Shining One
Beogh
Jiyva
Lugonu


Innate Abilities, Weirdness & Mutations

You reflexively headbutt those who attack you in melee.
You have a pair of horns on your head.


Message History

You closely miss the spiny frog.
The spiny frog stings you but does no damage.
You puncture the spiny frog! You burn the spiny frog.
You headbutt the spiny frog.
The spiny frog is heavily wounded.
You sock the spiny frog! You burn the spiny frog.
The spiny frog is almost dead.
You are no longer berserk.
You pass out from exhaustion.
You feel yourself slow down. The spiny frog barely misses you.
The spiny frog barely misses you.
The spiny frog stings you but does no damage.
You can move again.
You completely miss the spiny frog.
The spiny frog is almost dead.
The spiny frog stings you!
* * * LOW HITPOINT WARNING * * *
You are lethally poisoned!
The spiny frog poisons you! The spiny frog stings you!
You die...

▓.▓.▓.▓
▓.▓.▓.▓
▓'▓.▓.▓
▓_▓.▓.▓
▓_▓.▓.▓
▓_▓.▓.▓
▓_▓.▓.▓
▓_▓.▓'▓
▓_▓.▓@▓
▓_▓.▓F▓
▓_▓.▓F▓
▓_▓.▓.▓
▓_▓.▓.▓
▓_▓.▓.▓
▓_▓.▓.▓
▓_▓.▓.▓
▓_▓.▓


You could see a spiny frog and a bullfrog.

Vanquished Creatures
  A hydra (D)
  A troll (D)
  A slime creature (D)
  A yak (D)
  A basilisk (D)
  2 water moccasins (D)
  2 orc warriors (D)
  2 phantoms (D)
  An ogre (D)
  A crocodile (D)
  A centaur (D)
  A bullfrog (D)
  A wight (D)
  A howler monkey (D)
  A hound (D)
  An orc wizard (D)
  A worker ant (D)
  An adder (D)
  An adder skeleton (D)
  A bat zombie (D)
  A goblin (D)
  2 hobgoblins (D)
  A jackal (D)
  A kobold (D)
  A rat (D)
29 creatures vanquished.

Notes
Turn   | Place    | Note
-------+----------+-------------------------------------------
     0 | D        | wojtek the Minotaur Fighter began the quest for the Orb.
     0 | D        | Reached XP level 1. HP: 19/19 MP: 0/0
     6 | D        | Reached skill level 3 in Maces & Flails
    34 | D        | Noticed a howler monkey
    34 | D        | Noticed a phantom
    34 | D        | Noticed a worker ant
    38 | D        | Killed a howler monkey
    38 | D        | Reached skill level 5 in Fighting
    38 | D        | Reached skill level 5 in Maces & Flails
    38 | D        | Reached skill level 5 in Armour
    38 | D        | Reached skill level 5 in Shields
    38 | D        | Reached XP level 2. HP: 22/29 MP: 1/1
    38 | D        | Reached XP level 3. HP: 27/36 MP: 2/2
    47 | D        | Reached skill level 6 in Maces & Flails
    47 | D        | Reached XP level 4. HP: 25/42 MP: 3/3
    73 | D        | Killed a phantom
    73 | D        | Reached skill level 8 in Maces & Flails
    73 | D        | Reached XP level 5. HP: 21/51 MP: 4/4
    91 | D        | Found a roughly hewn altar of Beogh.
    91 | D        | Found a snail-covered altar of Cheibriados.
    91 | D        | Found a shadowy altar of Dithmenos.
    91 | D        | Found a white marble altar of Elyvilon.
    91 | D        | Found a blossoming altar of Fedhas.
    91 | D        | Found an opulent altar of Gozag.
    92 | D        | Found a hazy altar of Hepliaklqana.
    93 | D        | Found a viscous altar of Jiyva.
    94 | D        | Found an ancient bone altar of Kikubaaqudgha.
    95 | D        | Found a corrupted altar of Lugonu.
    96 | D        | Found a burning altar of Makhleb.
    97 | D        | Found a sparkling altar of Nemelex Xobeh.
    98 | D        | Found an iron altar of Okawaru.
    99 | D        | Found a stormy altar of Qazlal.
   100 | D        | Found a sacrificial altar of Ru.
   101 | D        | Found a deep blue altar of Sif Muna.
   102 | D        | Found a bloodstained altar of Trog.
   103 | D        | Found a hide-covered altar of Uskayaw.
   104 | D        | Found a radiant altar of Vehumet.
   106 | D        | Found a shimmering altar of Xom.
   107 | D        | Found a basalt altar of Yredelemnul.
   108 | D        | Found a glowing silver altar of Zin.
   109 | D        | Found a glowing golden altar of the Shining One.
   120 | D        | Became a worshipper of Trog the Wrathful
   255 | D        | Got the +2 morningstar of Magudel {flame, MR+ Str+4}
   286 | D        | Noticed a phantom
   286 | D        | Noticed a centaur
   286 | D        | Noticed an ogre
   286 | D        | Noticed a troll
   291 | D        | Killed a phantom
   291 | D        | Reached skill level 9 in Maces & Flails
   299 | D        | Reached * piety under Trog
   299 | D        | Reached XP level 6. HP: 59/61 MP: 5/5
   302 | D        | Reached skill level 10 in Maces & Flails
   304 | D        | Reached skill level 11 in Maces & Flails
   307 | D        | Killed a troll
   307 | D        | Reached ** piety under Trog
   307 | D        | Reached skill level 12 in Maces & Flails
   307 | D        | Reached XP level 7. HP: 58/70 MP: 6/6
   367 | D        | Noticed a slime creature
   371 | D        | Killed a slime creature
   376 | D        | Reached skill level 10 in Fighting
   376 | D        | Reached skill level 10 in Shields
   377 | D        | Reached skill level 13 in Maces & Flails
   377 | D        | Reached skill level 10 in Armour
   380 | D        | Reached *** piety under Trog
   380 | D        | Reached XP level 8. HP: 79/79 MP: 7/7
   510 | D        | Got the amulet of Dewig {Faith rElec MR- Int+8}
   523 | D        | Noticed an eight-headed hydra
   528 | D        | Killed an eight-headed hydra
   528 | D        | Reached **** piety under Trog
   528 | D        | Reached skill level 14 in Maces & Flails
   532 | D        | Noticed a spiny frog
   533 | D        | Reached XP level 9. HP: 20/89 MP: 8/8
   535 | D        | Reached skill level 15 in Maces & Flails
   543 | D        | Reached ***** piety under Trog
   549 | D        | HP: 3/90 [spiny frog (10)]
   549 | D        | Mangled by a spiny frog

Skill      XL: |  1  2  3  4  5  6  7  8  9 |
---------------+----------------------------+-----
Maces & Flails | 5 6 8 9 12 13 14 15 | 15.4
Fighting       | 5 6 7 9 10 11 | 11.8
Shields        | 5 6 7 9 10 11 | 11.7
Armour         | 5 6 7 9 10 11 | 11.7

Action                   |  1- 3 |  4- 6 |  7- 9 || total
-------------------------+-------+-------+-------++-------
Melee: Flail             |    24 |    11 |       ||    35
       Headbutt          |     2 |     5 |    11 ||    18
       Morningstar       |       |    21 |    41 ||    62
Invok: Berserk           |       |       |     1 ||     1
Armor: Scale mail        |    10 |     2 |       ||    12
       Chain mail        |       |     1 |    16 ||    17
Dodge: Dodged            |     4 |     7 |    12 ||    23
Block: Shield            |     9 |    19 |    18 ||    46
